 Dungeon Crawl Stone Soup version 0.20.1-1-g8b1a95d (webtiles) character file.

266 Marthos the Magician (level 6, -1/41 HPs)
             Began as a Mummy Summoner on Dec 6, 2017.
             Slain by a wight
             ... wielding a +3 morningstar of freezing
              (4 damage)
             ... on level 2 of the Dungeon.
             The game lasted 00:08:15 (3972 turns).

Marthos the Magician (Mummy Summoner)               Turns: 3972, Time: 00:08:15

Health: -1/41      AC:  5    Str: 16    XL:     6   Next: 0%
Magic:  11/14      EV: 12    Int: 16    God:
Gold:   178        SH:  0    Dex: 13    Spells: 10/16 levels left

rFire    x . .     SeeInvis .   c - +0 dagger (protect)
rCold    + . .     Gourm    .   (no shield)
rNeg     + + +     Faith    .   a - +0 robe
rPois    ∞         Spirit   .   e - +0 helmet (curse)
rElec    .         Reflect  .   m - +0 cloak
rCorr    .         Harm     .   (no gloves)
MR       .....                  h - +0 pair of boots (curse)
Stlth    ++........             (no amulet)
Regen    0.2/turn               d - +5 ring of strength
MPRegen  0.2/turn               (no ring)

@: no status effects
A: no food or potions, fire vulnerability, cold resistance 1, negative energy
resistance 3, torment resistance, unbreathing
a: no special abilities


You were on level 2 of the Dungeon.
You were not hungry.

You visited 1 branch of the dungeon, and saw 3 of its levels.

You collected 178 gold pieces.

Inventory:

Hand Weapons
 c - a +0 dagger of protection (weapon)
Armour
 a - a +0 robe (worn)
 e - a cursed +0 helmet (worn)
 h - a cursed +0 pair of boots (worn)
 m - a +0 cloak (worn)
Jewellery
 d - a +5 ring of strength (left hand)
Scrolls
 f - a scroll of teleportation {unknown}
 g - 2 scrolls of identify {unknown}
 i - a scroll of fog {unknown}
 j - a scroll of recharging {unknown}
 k - a scroll of remove curse {unknown}
 l - a scroll of enchant armour {unknown}
Books
 b - a book of Callings

   Spells                             Type                      Level
   a - Summon Small Mammal            Summoning                    1
   b - Call Imp                       Summoning                    2
   c - Call Canine Familiar           Summoning                    3
   d - Summon Guardian Golem          Hexes/Summoning              3
   e - Summon Lightning Spire         Summoning/Air                4
   f - Summon Ice Beast               Ice/Summoning                4


   Skills:
 - Level 1.5 Dodging
 - Level 1.5 Stealth
 * Level 5.6 Spellcasting
 * Level 4.9 Summonings


You had 10 spell levels left.
You knew the following spells:

 Your Spells              Type           Power        Failure   Level  Hunger
a - Summon Small Mammal   Summ           ###.         1%          1    N/A
b - Call Imp              Summ           ###.....     2%          2    N/A
c - Call Canine Familiar  Summ           ###.....     5%          3    N/A

Dungeon Overview and Level Annotations

Branches:
Dungeon (3/15)

Altars:
Dithmenos
Trog


Innate Abilities, Weirdness & Mutations

You do not eat or drink.
Your flesh is vulnerable to fire.
You are immune to poison.
Your flesh is cold resistant. (rC+)
You are immune to negative energy. (rN+++)
You are immune to unholy pain and torment.
You can survive without breathing.


Message History

The wight freezes you.
The wight hits you with an enchanted morningstar.
There is a stone staircase leading up here.
You see here 2 stones.
You climb upwards.
There is a stone staircase leading down, spattered with blood here.
Things that are here:
a short sword; a hand axe The wight hits you with an enchanted morningstar!
Things that are here:
a leather armour; a dagger; a leather armour The wight closely misses you.
The wight barely misses you.
You see here an antimagic trident.
Casting: Call Canine Familiar
Confirm with . or Enter, or press ? or * to list all spells.
The wight hits you with a morningstar of freezing!
* * * LOW HITPOINT WARNING * * *
The wight freezes you.
You die...

..####...........#....#....#...#.
.................#....####...#...
.................#.........#.#.#g
......#...######.#.......).######
..........# #.#...............
..........# #.##........).....
..........# #.##.....)........
........#.# #h##....>#########
..........# #@##....[#
......##### #z##.....# ......#
######z##.....#
......#####......##.....#
..........'......##.....#
###########......##.....#
#######......##.....#
#####.....'.[....###....#
...##.#####......###)...#


You could see 2 wights and a friendly hound.

Vanquished Creatures
  2 eyes of draining
  4 adders
  An ooze (D:1)
  A dart slug (D:1)
  2 goblins (D:1)
  3 hobgoblins
  2 kobolds
  2 quokkas (D:2)
  A ball python (D:1)
  5 rats
23 creatures vanquished.

Vanquished Creatures (collateral kills)
  A wight (D:3)
  The ghost of Lanoc the Vexing, a weakling FeEn (D:3)
  2 gnolls (D:2)
  An ooze (D:3)
  A worm (D:3)
  3 dart slugs
  A leopard gecko (D:2)
  5 orcs
  6 bats
  3 giant cockroaches
  2 goblins
  6 hobgoblins
  A quokka (D:3)
  A ball python (D:1)
  A frilled lizard (D:3)
  6 kobolds
41 creatures vanquished.

Grand Total: 64 creatures vanquished

Notes
Turn   | Place    | Note
-------+----------+-------------------------------------------
     0 | D:1      | Marthos the Mummy Summoner began the quest for the Orb.
     0 | D:1      | Reached XP level 1. HP: 13/13 MP: 4/4
   327 | D:1      | Reached skill level 3 in Spellcasting
   582 | D:1      | Reached XP level 2. HP: 12/19 MP: 4/6
   702 | D:1      | Learned a level 2 spell: Call Imp
  1827 | D:2      | Reached XP level 3. HP: 24/24 MP: 2/8
  2647 | D:2      | Reached skill level 4 in Spellcasting
  2682 | D:3      | Noticed Lanoc's ghost (weakling FeEn)
  2762 | D:2      | Learned a level 3 spell: Call Canine Familiar
  2765 | D:3      | Noticed an eye of draining
  2985 | D:2      | Killed an eye of draining
  2985 | D:2      | Reached XP level 4. HP: 30/30 MP: 0/10
  2985 | D:2      | Reached XP level 5. HP: 35/35 MP: 0/12
  3074 | D:3      | Found a bloodstained altar of Trog.
  3075 | D:3      | Noticed an eye of draining
  3101 | D:3      | Killed an eye of draining
  3101 | D:3      | Reached skill level 5 in Spellcasting
  3223 | D:3      | Killed Lanoc's ghost
  3265 | D:3      | Found a shadowy altar of Dithmenos.
  3816 | D:2      | Reached XP level 6. HP: 24/41 MP: 8/14
  3972 | D:2      | Slain by a wight

Skill      XL: |  1  2  3  4  5 |
---------------+----------------+-----
Spellcasting   | 3 4 5 |  5.6
Summonings     | 4 |  4.9
Dodging        | |  1.5
Stealth        | |  1.5

Action                   |  1- 3 |  4- 6 || total
-------------------------+-------+-------++-------
Melee: Dagger            |   146 |    56 ||   202
       Unarmed           |     4 |       ||     4
 Cast: Summon Small Mamm |    13 |       ||    13
       Call Imp          |    37 |    19 ||    56
       Call Canine Famil |       |    11 ||    11
 Stab: Distracted        |     3 |       ||     3
       Sleeping          |     1 |     1 ||     2
Armor: Robe              |    52 |    15 ||    67
Dodge: Dodged            |   103 |    40 ||   143
